cohdb
Replays
Latest Replays
All Replays
Popular Replays
Top Player Replays
Match Explorer
How It Works
Community
CoH3 Stats
Reddit
Sign in to upload your games and track your stats! →
Sign in with Steam
Match 41746942
Unlisted
Match 41746942
Overview
Messages
Build Orders
End
Construct Infanterie Kompanie
Kettenkrad Recon Vehicle
Selects Mechanized Battlegroup
Selects Mechanized Battlegroup
Grenadier Squad
Grenadier Squad
MG 42 Machine Gun Team
Medical Station
Construct Luftwaffe Kompanie
Selects Spotting Scopes
Grenadier Squad
Flak 30 Anti-aircraft Gun Team
Support Elements
Wirbelwind Flakpanzer
Selects Wespe Self-propelled Artillery
Pioneer Squad
Jäger Squad
Pioneer Squad
Selects Zeroing Artillery Barrage
Selects Raid Package
Construct Panzer Kompanie
Medical Bunker
Seafrog
salandtwig
neko chan
Insomniac
0
0
Comments
sign in to comment!
No comments posted yet!